Cogmind - Beta 16.1 @@@ ROGUE MODE // 2026.02.22 @ 17:28:47 Player: Puck Result: Escaped! Performance ------------- Evolutions (9) 4500 Regions Visited (17) 3400 Robots Destroyed (83) 415 Value Destroyed (2741) 2741 Prototype IDs (26) 520 Alien Tech Used (0) 0 Bonus (3391) 3391 TOTAL SCORE: 14967 Bonus ------- High Alert Combat Kills 10 Follower Combat Kills 61 Entered DSFs 500 Aligned with FarCom 300 Win 3000 Friendly Fire -480 Cogmind --------- Core Integrity 1310/1600 Matter 219/300 Energy 145/150 System Corruption 1% Temperature Cool (10) Movement Flying (33) Location To Epsilon Eridani Parts ------- > --- POWER (3) -------- Micro Fission Core > --- PROPULSION (10) -- Impulse Thruster Array Impulse Thruster Array Impulse Thruster Array Impulse Thruster Array Impulse Thruster Array > --- UTILITY (10) ----- Advanced Power Amplifier Machine Analyzer Improved Armor Integrity Analyzer Improved Cloaking Device Advanced Cloaking Device System Shield > --- WEAPON (2) ------- Enhanced Nova Cannon Lance > --- INVENTORY (5) ---- Q-thruster Q-thruster Q-thruster Enhanced Nova Cannon Peak State ------------ > --- POWER ------------ Micro Fission Core Light Quantum Reactor Light Quantum Reactor > --- PROPULSION ------- Impulse Thruster Array Impulse Thruster Array Impulse Thruster Array Impulse Thruster Array Impulse Thruster Array > --- UTILITY ---------- Advanced Power Amplifier Advanced Heat Sink Machine Analyzer Improved Armor Integrity Analyzer Improved Phase Shifter Improved Cloaking Device Advanced Cloaking Device System Shield Improved System Restoration Module Mini Drone Bay > --- WEAPON ----------- Enhanced Nova Cannon Lance > --- INVENTORY -------- Q-thruster Q-thruster Q-thruster Enhanced Nova Cannon Micro-nuke Launcher [Rating: 182] Favorites ----------- Power Ion Engine Engine Ion Engine Power Core Micro Nuclear Core Reactor Light Quantum Reactor Propulsion Aluminum Leg Leg Aluminum Leg Hover Unit Improved Linear Gravjet Flight Unit Impulse Thruster Array Utility Large Storage Unit Device Advanced Heat Sink Storage Large Storage Unit Processor Improved Armor Integrity Analyzer Hackware System Shield Protection Improved Medium Armor Plating Weapon Particle Cannon Energy Gun Particle Gun Energy Cannon Particle Cannon Ballistic Gun Light Assault Rifle Launcher Micro-nuke Launcher Piercing Weapon Lance Build | -11 -10 -10 -9 -9 -9 -8 -8 -7 -6 -5 -4 -4 -4 -3 -3 -2 -1 ------- Run | Yrd Mat Min Mat Min Exi Min Mat Fac Fac Fac Fac Upp Upp Res DSF Res Acc Slots Evolved 18 | . . . 2 . . . 2 2 2 2 2 . . 2 . 2 2 Power 2 | . . . . . . . . . . 1 . . . . . 1 . Propulsion 8 | . . . 1 . . . 1 . . 1 1 . . 1 . 1 2 Utility 8 | . . . 1 . . . 1 2 2 . 1 . . 1 . . . Weapon . | . . . . . . . . . . . . . . . . . . Parts Attached 113 | 7 4 . 6 6 1 1 12 6 7 3 27 3 . 2 6 9 13 Power 11 | 1 . . . . . . 1 . 1 1 3 . . 1 . 3 . Engine 3 | 1 . . . . . . 1 . 1 . . . . . . . . Core 3 | . . . . . . . . . . 1 1 . . 1 . . . Reactor 5 | . . . . . . . . . . . 2 . . . . 3 . Propulsion 38 | 2 . . 1 3 1 1 7 1 2 . 8 . . . 6 1 5 Treads . | . . . . . . . . . . . . . . . . . . Leg 26 | 2 . . 1 3 1 1 7 1 2 . 8 . . . . . . Wheel . | . . . . . . . . . . . . . . . . . . Hover 7 | . . . . . . . . . . . . . . . 6 1 . Flight 5 | . . . . . . . . . . . . . . . . . 5 Utility 46 | 2 3 . 3 2 . . 3 3 3 2 13 2 . 1 . 2 7 Device 25 | 1 1 . . 1 . . 2 1 1 2 9 1 . 1 . . 5 Storage 4 | 1 2 . 1 . . . . . . . . . . . . . . Processor 10 | . . . 1 . . . . 1 . . 4 1 . . . 1 2 Hackware 1 | . . . . . . . . . . . . . . . . 1 . Protection 6 | . . . 1 1 . . 1 1 2 . . . . . . . . Artifact . | . . . . . . . . . . . . . . . . . . Weapon 18 | 2 1 . 2 1 . . 1 2 1 . 3 1 . . . 3 1 Energy Gun 5 | 1 1 . . . . . . . . . 1 1 . . . 1 . Energy Cannon 8 | . . . 2 1 . . 1 . 1 . 1 . . . . 1 1 Ballistic Gun 2 | 1 . . . . . . . 1 . . . . . . . . . Ballistic Cannon . | . . . . . . . . . . . . . . . . . . Launcher 2 | . . . . . . . . 1 . . 1 . . . . . . Special Weapon . | . . . . . . . . . . . . . . . . . . Impact Weapon . | . . . . . . . . . . . . . . . . . . Slashing Weapon . | . . . . . . . . . . . . . . . . . . Piercing Weapon 1 | . . . . . . . . . . . . . . . . 1 . Special Melee Weapon . | . . . . . . . . . . . . . . . . . . Unidentified Prototypes 1 | . . . . . . . . . . . . . . . . . 1 Parts Lost 43 | . . . . 6 . . 4 1 . 1 16 3 . . . 1 11 Power 3 | . . . . . . . . . . . 1 . . . . . 2 Propulsion 13 | . . . . 4 . . 2 . . . 4 1 . . . . 2 Utility 21 | . . . . 1 . . 2 . . 1 9 1 . . . 1 6 Weapon 6 | . . . . 1 . . . 1 . . 2 1 . . . . 1 Highest Loss Streak 10 | . . . . 2 . . 3 1 . 1 10 2 . . . 1 5 To Critical Strikes 2 | . . . . 1 . . 1 . . . . . . . . . . Average Backups 12 | 1 8 10 12 14 14 15 14 14 14 14 13 14 15 12 11 9 6 Power . | . 1 1 1 1 1 1 . 1 1 . . . 1 1 1 . . Propulsion 2 | . . . 1 2 2 2 1 1 1 2 2 3 3 3 3 5 3 Utility 6 | . 4 5 5 7 8 9 9 8 9 10 9 8 8 6 4 . . Weapon 2 | . 3 4 4 3 3 3 3 2 2 2 1 2 3 2 2 2 2 Tool/Special . | . . . . . . . . . . . . . . . . . . Unused Backups 16 | . . . 1 4 . . . 1 1 . . . . . 4 1 4 Power . | . . . . . . . . . . . . . . . . . . Propulsion 5 | . . . . . . . . . . . . . . . 1 1 3 Utility 9 | . . . 1 3 . . . 1 1 . . . . . 2 . 1 Weapon 2 | . . . . 1 . . . . . . . . . . 1 . . Tool/Special . | . . . . . . . . . . . . . . . . . . Average Slot Usage (%) 92 | . 100 100 91 90 100 100 90 99 97 99 91 93 84 88 93 94 80 Engine 6 | . 14 14 11 11 11 11 9 7 6 5 2 . . . . . . Core 1 | . . . . . . . . . . 5 5 5 5 4 4 1 2 Reactor 2 | . . . . . . . . . . . 2 5 5 4 4 11 9 Leg 23 | . 28 28 29 28 33 33 35 30 25 28 29 27 26 23 7 . . Hover 3 | . . . . . . . . . . . . . . . 19 29 10 Flight 1 | . . . . . . . . . . . . . . . . . 13 Device 17 | . 14 14 11 11 22 22 14 22 21 17 24 13 10 18 20 19 20 Storage 7 | . 14 14 11 11 11 11 9 7 6 5 5 5 5 4 4 4 1 Processor 6 | . . . 4 . . . . 6 6 5 4 26 26 23 21 17 11 Protection 4 | . . . 2 6 . . 3 7 16 17 7 . . . . . . Energy Gun 2 | . 14 14 6 . . . . . . . . 5 5 8 9 4 1 Energy Cannon 10 | . . . 12 22 22 22 18 12 10 11 8 3 . . . . 1 Peak Build Rating 182 | 7 11 11 15 16 18 19 31 43 63 72 103 106 88 107 129 156 182 Average Rating 65 | 5 9 11 13 14 17 18 23 39 56 71 82 97 88 106 120 150 169 On Entrance 53 | . 7 11 11 14 16 18 19 31 43 63 70 100 88 88 107 129 150 Avg Prop Armor Cover (%) 1 | . . . . . . . . . . . 2 4 . . 3 . 1 Naked Turns . | . . . . . . . . . . . . . . . . . . Heaviest Build 89 | 14 30 20 37 37 35 35 40 45 67 74 89 58 49 72 73 88 84 Greatest Support 133 | 20 20 20 30 30 30 33 55 63 73 88 133 133 108 108 108 89 89 Greatest Overweight (x) 1 | . 1 . 1 1 1 1 1 . 1 . . . . . 1 . 1 Average Overweight (x) . | . . . . 1 1 1 . . . . . . . . . . . Largest Inventory Capacity 20 | 8 15 10 20 15 15 15 15 15 15 15 15 15 15 15 15 15 15 Average Capacity 13 | 7 9 10 14 15 15 15 15 15 15 15 15 15 15 15 15 15 8 Most Carried 15 | 3 10 10 15 15 15 15 15 15 15 15 15 15 15 14 15 15 15 Average Carried 13 | 1 8 10 12 14 14 15 14 14 14 14 13 14 15 12 12 14 8 Final Capacity 15 | 8 10 10 15 15 15 15 15 15 15 15 15 15 15 15 15 15 5 Final Carried 15 | 3 10 10 15 15 15 15 15 15 15 14 14 15 15 14 15 15 4 Class Distribution -------------------- 36% | Scavenger-Mutant 23% | Scavenger-Skirmisher 22% | Mutant 13% | Sprinter Dominant Class ---------------- Mutant | -10/Materials Mutant | -10/Mines Mutant | -9/Materials Scavenger-Mutant | -9/Mines Scavenger-Mutant | -9/Exiles Scavenger-Mutant | -8/Mines Scavenger-Mutant | -8/Materials Scavenger-Skirmisher | -7/Factory Scavenger-Skirmisher | -6/Factory Scavenger-Skirmisher | -5/Factory Scavenger-Mutant | -4/Factory Scavenger-Mutant | -4/Upper Caves Scavenger-Mutant | -4/Upper Caves Scavenger-Skirmisher | -3/Research Scavenger-Scout | -3/DSF Scavenger-Ninja | -2/Research Sprinter | -1/Access Resources | -11 -10 -10 -9 -9 -9 -8 -8 -7 -6 -5 -4 -4 -4 -3 -3 -2 -1 ----------- Run | Yrd Mat Min Mat Min Exi Min Mat Fac Fac Fac Fac Upp Upp Res DSF Res Acc Matter Collected 1860 | 258 87 . 80 65 . 20 147 62 113 22 138 294 . . . 390 184 Remotely . | . . . . . . . . . . . . . . . . . . Salvage Created 3600 | 112 261 . 401 819 . . 383 73 328 175 390 240 . . . 252 166 Parts 160 | 7 8 . 15 24 . . 21 4 9 3 29 7 . . . 20 13 Haulers Intercepted 1 | . . . 1 . . . . . . . . . . . . . . Recyclers Shooed 9 | 1 3 . . . . . . . 2 . 2 . . . . . 1 Parts Field Recycled . | . . . . . . . . . . . . . . . . . . Retrieved Matter . | . . . . . . . . . . . . . . . . . . Parts Self-Destructed 1 | . . . . . . . . . . . . 1 . . . . . Prevented 7 | . . . . . . . . . . . . 7 . . . . . Parts Restored . | . . . . . . . . . . . . . . . . . . Kills | -11 -10 -10 -9 -9 -9 -8 -8 -7 -6 -5 -4 -4 -4 -3 -3 -2 -1 ------- Run | Yrd Mat Min Mat Min Exi Min Mat Fac Fac Fac Fac Upp Upp Res DSF Res Acc Combat Hostiles Destroyed 54 | . 2 . 6 13 . . 5 5 1 1 8 3 . . . . 10 Guns 4 | . 2 . 2 . . . . . . . . . . . . . . Cannons 32 | . . . 3 13 . . 5 2 1 . 5 2 . . . . 1 AOE 16 | . . . . . . . . 3 . 1 3 . . . . . 9 Classes Destroyed 14 | 2 1 . 2 2 . . 3 1 1 . 1 1 . . . . . Worker 8 | . . . . . . . 2 . . . 1 . . . . 3 2 Builder 7 | . . . . . . . 1 . . . 2 . . . . 4 . Tunneler 3 | 2 . . . . . . . . . 1 . . . . . . . Hauler 1 | . . . 1 . . . . . . . . . . . . . . Recycler 14 | 1 2 . 1 6 . . . . 2 1 . . . . . 1 . Watcher 2 | . . . . . . . 2 . . . . . . . . . . Swarmer 13 | . . . . . . . . 3 . . . . . . . . 10 Grunt 19 | . 2 . 4 7 . . 3 . . 1 2 . . . . . . Brawler 3 | . . . . 1 . . 2 . . . . . . . . . . Sentry 3 | . . . 2 . . . . . . . . 1 . . . . . Hunter 2 | . . . . . . . . . . . 1 1 . . . . . Programmer 6 | . . . . . . . . . 1 . 5 . . . . . . Assembled 6 | . . . . 4 . . . 2 . . . . . . . . . Mutant 1 | . . . . . . . . . . . . 1 . . . . . Best Kill Streak 8 | 2 2 . 3 4 . . 4 4 1 3 4 1 . . . 8 7 Combat Bots Only 6 | . 1 . 2 3 . . 2 4 1 1 3 1 . . . . 6 Max Kills in Single Turn 5 | 1 1 . 1 1 . . 1 2 1 3 2 1 . . . 1 5 Gunslinging . | . . . . . . . . . . . . . . . . . . Exploded 4 | . . . . . . . . 2 . 1 2 . . . . . 4 Melee . | . . . . . . . . . . . . . . . . . . Uniques/NPCs Destroyed 1 | . . . . 1 . . . . . . . . . . . . . YI-UF0 (-9/Mines) Combat | -11 -10 -10 -9 -9 -9 -8 -8 -7 -6 -5 -4 -4 -4 -3 -3 -2 -1 -------- Run | Yrd Mat Min Mat Min Exi Min Mat Fac Fac Fac Fac Upp Upp Res DSF Res Acc Hostile Shots Fired 551 | . 11 . 41 31 . . 27 14 11 5 182 37 . . . 20 172 Missed 229 | . 5 . 12 8 . . 3 4 3 1 74 14 . . . 6 99 Hits 322 | . 6 . 29 23 . . 24 10 8 4 108 23 . . . 14 73 Melee 7 | . . . . 1 . . 5 . 1 . . . . . . . . Projectile 315 | . 6 . 29 22 . . 19 10 7 4 108 23 . . . 14 73 AOE 12 | . . . . 6 . . . 5 . . 1 . . . . . . Critical Strikes 12 | . . . . 1 . . 2 . 2 . 4 . . . . 3 . Part Disruptions 1 | . . . . . . . . . . . . 1 . . . . . Damage Taken 7060 | . 81 . 415 571 . . 467 471 168 114 2318 232 . 84 . 255 1884 Core 757 | . 10 . 47 27 . . 63 55 37 . 168 15 . 28 . 17 290 Absorbed by Shields 167 | . . . . . . . . . 19 . 80 . . . . 68 . Ignored by Resistances 78 | . . . . . . . . . . . 69 9 . . . . . Core Remaining (%) 92 | 100 . 96 . . . 81 88 92 95 100 . . 84 . 97 98 81 Volleys Fired 229 | 15 21 . 30 39 . . 24 8 11 4 50 10 . . . 1 16 Largest 2 | 2 2 . 2 2 . . 2 2 2 2 2 2 . . . 1 1 Hottest 160 | 70 85 . 136 136 . . 143 143 160 160 160 145 . . . 120 120 Shots Fired 416 | 30 42 . 60 78 . . 47 16 20 8 78 20 . . . 1 16 Gun 111 | 30 42 . 27 . . . . 1 . . . 11 . . . . . Cannon 296 | . . . 33 78 . . 47 13 20 8 76 9 . . . 1 11 Launcher 9 | . . . . . . . . 2 . . 2 . . . . . 5 Special . | . . . . . . . . . . . . . . . . . . Kinetic 46 | 15 21 . 9 . . . . 1 . . . . . . . . . Thermal 350 | 15 21 . 51 78 . . 47 13 20 8 75 10 . . . 1 11 Explosive 9 | . . . . . . . . 2 . . 2 . . . . . 5 Electromagnetic 11 | . . . . . . . . . . . 1 10 . . . . . Robot Hit Streak 24 | 8 4 . 16 7 . . 8 3 8 8 11 24 . . . . 4 Robot Miss Streak 6 | 1 4 . 3 5 . . 2 3 3 1 6 1 . . . . 3 Penetration Max . | . . . . . . . . . . . . . . . . . . Secondary Targets . | . . . . . . . . . . . . . . . . . . Shots Hit Robots 242 | 22 19 . 37 40 . . 29 5 12 7 43 16 . . . 8 4 Core Hits 125 | 6 6 . 12 19 . . 16 6 5 5 23 7 . . . 4 16 Critical Kills . | . . . . . . . . . . . . . . . . . . Critical Parts Destroyed . | . . . . . . . . . . . . . . . . . . Critical Strikes 6 | . . . 1 . . . . . . . . 2 . . . 3 . Burn 1 | . . . 1 . . . . . . . . . . . . . . Corrupt 2 | . . . . . . . . . . . . 2 . . . . . Impale 3 | . . . . . . . . . . . . . . . . 3 . Melee Attacks 45 | . . . . . . . . . . . . . . . . 19 26 Impact . | . . . . . . . . . . . . . . . . . . Slashing . | . . . . . . . . . . . . . . . . . . Piercing 45 | . . . . . . . . . . . . . . . . 19 26 Sneak Attacks 8 | . . . . . . . . . . . . . . . . 8 . Combat Hostiles . | . . . . . . . . . . . . . . . . . . Follow-up Attacks . | . . . . . . . . . . . . . . . . . . Damage Inflicted 9481 | 222 239 . 629 983 . . 817 350 397 768 2414 435 . . . 676 1551 Guns 899 | 222 239 . 237 . . . . 14 . . . 187 . . . . . Cannons 4267 | . . . 392 875 . . 699 65 349 190 1406 248 . . . . 43 Explosions 3405 | . . . . 104 . . . 271 . 578 983 . . . . . 1469 Melee 715 | . . . . . . . . . . . . . . . . 676 39 Ramming 195 | . . . . 4 . . 118 . 48 . 25 . . . . . . Kinetic 234 | 99 66 . 55 . . . . 14 . . . . . . . . . Thermal 5961 | 123 173 . 574 979 . . 699 65 349 768 1771 272 . . . . 188 Explosive 2206 | . . . . . . . . 271 . . 611 . . . . . 1324 Electromagnetic 170 | . . . . . . . . . . . 7 163 . . . . . Impact . | . . . . . . . . . . . . . . . . . . Slashing . | . . . . . . . . . . . . . . . . . . Piercing 715 | . . . . . . . . . . . . . . . . 676 39 Highest Corruption 5 | . . . . . . . 5 . . 1 4 4 4 . . 3 1 Average Corruption 3 | . . . . . . . 5 . . 1 2 3 4 . . 2 1 Corruption Purged 4 | . . . . . . . . . . . 2 . . . . . 2 Corruption Blocked . | . . . . . . . . . . . . . . . . . . Effects 32 | . . . . . . . 7 . . . 10 14 . . . 1 . Message Errors 10 | . . . . . . . 4 . . . 3 3 . . . . . Matter Fused 8 | . . . . . . . 1 . . . 2 4 . . . 1 . Heat Flow Errors 2 | . . . . . . . . . . . 1 1 . . . . . Energy Discharges 4 | . . . . . . . 1 . . . . 3 . . . . . Parts Fused 1 | . . . . . . . . . . . 1 . . . . . . Data Loss (minor) 3 | . . . . . . . 1 . . . . 2 . . . . . Misfires 3 | . . . . . . . . . . . 2 1 . . . . . Weapon Failures 1 | . . . . . . . . . . . 1 . . . . . . Overload Shots . | . . . . . . . . . . . . . . . . . . Overflow Damage 642 | . . . . 15 . . . 8 . 103 123 . . . . 238 155 Projectiles 34 | . . . . 15 . . . . . . 19 . . . . . . Explosions 370 | . . . . . . . . 8 . 103 104 . . . . . 155 Melee 238 | . . . . . . . . . . . . . . . . 238 . Knockbacks 3 | . . . . . . . 2 . 1 . . . . . . . . Impact 3 | . . . . . . . 2 . 1 . . . . . . . . Kinetic . | . . . . . . . . . . . . . . . . . . Secondary . | . . . . . . . . . . . . . . . . . . Self-Inflicted Damage 409 | . . . . 21 . . . . . . 212 . . . . . 176 Shots 8 | . . . . 1 . . . . . . 4 . . . . . 3 Rammed . | . . . . . . . . . . . . . . . . . . Targets Rammed 17 | . . . . 2 . . 12 . 2 . 1 . . . . . . Kicked 17 | . . . . 2 . . 12 . 2 . 1 . . . . . . Crushed . | . . . . . . . . . . . . . . . . . . Highest Temperature 358 | 110 268 . 150 345 . . 223 . . 4 252 60 . . . 14 358 Average Temperature 72 | 45 100 . 45 84 . . 77 . . 4 96 33 . . . 3 97 Received Heat Transfer 1025 | . 48 . 186 129 . . 189 9 45 27 222 107 . . . . 63 Effects 5 | . 1 . . 1 . . . . . . . . . . . . 3 Energy Bleed 4 | . 1 . . 1 . . . . . . . . . . . . 2 Matter Decay 1 | . . . . . . . . . . . . . . . . . 1 Siege Activations . | . . . . . . . . . . . . . . . . . . Martial Activations . | . . . . . . . . . . . . . . . . . . Shielding Activations . | . . . . . . . . . . . . . . . . . . Robots Disrupted . | . . . . . . . . . . . . . . . . . . Combat Hostiles . | . . . . . . . . . . . . . . . . . . Robots Corrupted 1 | . . . . . . . . . . . . 1 . . . . . Combat Hostiles 1 | . . . . . . . . . . . . 1 . . . . . Parts Fried 4 | . . . . . . . . . . . . 4 . . . . . Impact Corruptions . | . . . . . . . . . . . . . . . . . . Robots Melted 1 | . . . 1 . . . . . . . . . . . . . . Combat Hostiles 1 | . . . 1 . . . . . . . . . . . . . . Parts Melted 12 | 1 . . 3 1 . . 1 . . 1 3 2 . . . . . Heat Transferred 8509 | 370 407 . 1221 1704 . . 1147 111 444 583 2052 333 . . . . 137 Parts Sabotaged . | . . . . . . . . . . . . . . . . . . Parts Stolen . | . . . . . . . . . . . . . . . . . . Parts Stripped . | . . . . . . . . . . . . . . . . . . Power Chain Reactions . | . . . . . . . . . . . . . . . . . . Alert | -11 -10 -10 -9 -9 -9 -8 -8 -7 -6 -5 -4 -4 -4 -3 -3 -2 -1 ------- Run | Yrd Mat Min Mat Min Exi Min Mat Fac Fac Fac Fac Upp Upp Res DSF Res Acc Maximum Alert Level 2 | . . . . . . . 1 . . . 1 . . . . . 2 Low Security (%) 92 | 100 100 100 100 100 . 100 99 100 100 100 98 . . 100 100 100 54 Level 1 6 | . . . . . . . . . . . 1 . . . . . 41 Level 2 . | . . . . . . . . . . . . . . . . . 4 Level 3 . | . . . . . . . . . . . . . . . . . . Level 4 . | . . . . . . . . . . . . . . . . . . Level 5 . | . . . . . . . . . . . . . . . . . . High Security . | . . . . . . . . . . . . . . . . . . Max Security . | . . . . . . . . . . . . . . . . . . Peak Influence 600 | 10 35 . 60 91 . . 192 96 30 85 201 . . 2 26 27 600 Initial 32 | . . . . 16 . . . 32 22 . 21 . . . . . . Average 49 | 1 5 . 14 15 . . 136 21 2 7 72 . . . 9 5 157 Influence Increases 2919 | 15 73 . 217 245 . . 352 96 54 85 537 46 . 12 26 112 1049 Destroy 0b10 Robot/C 940 | . 40 . 120 160 . . 100 60 20 20 160 40 . . 20 . 200 Destroy 0b10 Robot/NC 175 | 15 10 . 10 30 . . 25 . 10 10 15 . . . . 40 10 Destroy Leader 176 | . 10 . 42 30 . . 24 10 10 . 30 . . . . . 20 Allied During Kill 12 | . . . . . . . . . . . . 6 . . 6 . . Successful Hack 85 | . 13 . . . . . . . 12 . . . . 12 . 24 24 Disable Machine 270 | . . . 30 15 . . 15 15 . 45 120 . . . . . 30 Anti-Garrison Action 150 | . . . . . . . 150 . . . . . . . . . . Destroy Structure 481 | . . . . 10 . . 8 11 2 10 152 . . . . 33 255 Partial Spotted 45 | . . . . . . . . . . . . . . . . 15 30 Lose Combat Pursuer 585 | . . . 15 . . . 30 . . . 60 . . . . . 480 Influence Decreases 2319 | 15 73 . 174 288 . . 280 122 100 42 444 182 . 12 26 111 450 Entered New Map 165 | . . . . 27 . . . 40 24 . 22 51 . . . . 1 Time Decay 1723 | 15 73 . 174 227 . . 230 82 76 32 271 121 . 12 . 101 309 Lost Part 365 | . . . . 34 . . 40 . . 10 151 10 . . . 10 110 Lost Ally 66 | . . . . . . . 10 . . . . . . . 26 . 30 Squads Dispatched 27 | . 1 . 1 . . . 3 2 5 1 7 . . . 1 1 5 Investigation 3 | . 1 . . . . . 1 . . 1 . . . . . . . Extermination 12 | . . . . . . . . 1 2 . 3 . . . . 1 5 Reinforcement 7 | . . . 1 . . . . 1 3 . 1 . . . 1 . . Assault 2 | . . . . . . . 2 . . . . . . . . . . Garrison 3 | . . . . . . . . . . . 3 . . . . . . Intercept . | . . . . . . . . . . . . . . . . . . Searches Triggered . | . . . . . . . . . . . . . . . . . . Construction Impeded 2 | . . . . . . . . . 1 . 1 . . . . . . Haulers Reinforced 1 | . . . . . . . . 1 . . . . . . . . . Active Scanning Responses . | . . . . . . . . . . . . . . . . . . Cargo Convoy Interrupts . | . . . . . . . . . . . . . . . . . . Stealth | -11 -10 -10 -9 -9 -9 -8 -8 -7 -6 -5 -4 -4 -4 -3 -3 -2 -1 --------- Run | Yrd Mat Min Mat Min Exi Min Mat Fac Fac Fac Fac Upp Upp Res DSF Res Acc Distress Signals 8 | . . . . . . . 3 . 2 1 1 . . . . . 1 Communications Jammed . | . . . . . . . . . . . . . . . . . . Distress Signals . | . . . . . . . . . . . . . . . . . . Times Spotted 178 | . 8 . 8 14 . . 17 28 17 7 17 3 . . 1 3 55 Peak Tracking Total 21 | . 4 . 2 3 . . 9 6 5 3 6 1 . . 1 3 21 Tactical Retreats 15 | . . . 1 1 . . 2 . . . 2 . . . . . 9 Traps | -11 -10 -10 -9 -9 -9 -8 -8 -7 -6 -5 -4 -4 -4 -3 -3 -2 -1 ------- Run | Yrd Mat Min Mat Min Exi Min Mat Fac Fac Fac Fac Upp Upp Res DSF Res Acc Traps Triggered 5 | . . . . . . . . 1 . 1 . . . 1 . 2 . Indirectly . | . . . . . . . . . . . . . . . . . . Trap Hack Attempts . | . . . . . . . . . . . . . . . . . . Triggered . | . . . . . . . . . . . . . . . . . . Disarmed . | . . . . . . . . . . . . . . . . . . Reprogrammed . | . . . . . . . . . . . . . . . . . . Reused . | . . . . . . . . . . . . . . . . . . Traps Extracted . | . . . . . . . . . . . . . . . . . . Installed . | . . . . . . . . . . . . . . . . . . Triggered . | . . . . . . . . . . . . . . . . . . Machines | -11 -10 -10 -9 -9 -9 -8 -8 -7 -6 -5 -4 -4 -4 -3 -3 -2 -1 ---------- Run | Yrd Mat Min Mat Min Exi Min Mat Fac Fac Fac Fac Upp Upp Res DSF Res Acc Machines Disabled 19 | . . . 2 1 . . 2 1 . 3 8 . . . . . 2 Max in Single Turn 4 | . . . 1 1 . . 1 1 . 3 4 . . . . . 1 Garrison Access 3 | . . . . . . . 1 . . . . . . . . 2 . Energy Cycler 1 | . . . . . . . . . . . . . . . . . 1 Machines Repaired . | . . . . . . . . . . . . . . . . . . Machines Dismantled . | . . . . . . . . . . . . . . . . . . Machines Sabotaged . | . . . . . . . . . . . . . . . . . . Overloaded Fab Kills . | . . . . . . . . . . . . . . . . . . Hacking | -11 -10 -10 -9 -9 -9 -8 -8 -7 -6 -5 -4 -4 -4 -3 -3 -2 -1 --------- Run | Yrd Mat Min Mat Min Exi Min Mat Fac Fac Fac Fac Upp Upp Res DSF Res Acc Machines Accessed 36 | . 3 . 5 . 2 . 2 1 1 . 1 3 . 2 . 7 9 Terminals 22 | . 3 . 4 . . . 1 . . . . 1 . 2 . 4 7 Fabricators 1 | . . . . . . . . . . . 1 . . . . . . Repair Stations . | . . . . . . . . . . . . . . . . . . Recycling Units 3 | . . . 1 . . . . . . . . . . . . 1 1 Scanalyzers 2 | . . . . . . . . 1 1 . . . . . . . . Garrison Access 4 | . . . . . . . 1 . . . . . . . . 2 1 Total Hacks 70 | . 11 . 9 . 2 . 3 2 4 . 3 9 . 5 . 9 13 Successful 31 | . 7 . 2 . 2 . . . 2 . . 9 . 4 . 4 1 Failed 39 | . 4 . 7 . . . 3 2 2 . 3 . . 1 . 5 12 Catastrophic 12 | . 2 . 1 . . . 1 1 . . . . . . . 2 5 Database Lockouts . | . . . . . . . . . . . . . . . . . . Manual 21 | . 5 . 2 . 1 . 1 . . . . . . . . 4 8 Terminals 42 | . 11 . 8 . . . 1 . . . . 1 . 5 . 6 10 Fabricators 3 | . . . . . . . . . . . 3 . . . . . . Repair Stations . | . . . . . . . . . . . . . . . . . . Recycling Units 3 | . . . 1 . . . . . . . . . . . . 1 1 Scanalyzers 6 | . . . . . . . . 2 4 . . . . . . . . Garrison Access 6 | . . . . . . . 2 . . . . . . . . 2 2 Terminal Hacks 23 | . 5 . 2 . 2 . . . . . . 9 . 4 . 1 . Record 9 | . . . . . 1 . . . . . . 8 . . . . . Robot Analysis 3 | . 3 . . . . . . . . . . . . . . . . Prototype ID Bank 1 | . . . 1 . . . . . . . . . . . . . . Open Door 1 | . . . . . . . . . . . . 1 . . . . . Open DSF 2 | . . . . . . . . . . . . . . 1 . 1 . Branch Access Points 1 | . 1 . . . . . . . . . . . . . . . . Locate Traps 1 | . 1 . . . . . . . . . . . . . . . . Hauler Manifests 2 | . . . 1 . . . . . . . . . . 1 . . . Registered Components 1 | . . . . . . . . . . . . . . 1 . . . Zone Layout 1 | . . . . . . . . . . . . . . 1 . . . Proto ID Catalog 1 | . . . . . 1 . . . . . . . . . . . . Fabricator Hacks . | . . . . . . . . . . . . . . . . . . Repair Station Hacks . | . . . . . . . . . . . . . . . . . . Recycling Unit Hacks . | . . . . . . . . . . . . . . . . . . Scanalyzer 2 | . . . . . . . . . 2 . . . . . . . . Insert Component 1 | . . . . . . . . . 1 . . . . . . . . Analyze 1 | . . . . . . . . . 1 . . . . . . . . Garrison Access Hacks 2 | . . . . . . . . . . . . . . . . 2 . Seal Access 2 | . . . . . . . . . . . . . . . . 2 . Unauthorized Hacks 4 | . 2 . . . . . . . . . . . . . . 1 1 Terminals 4 | . 2 . . . . . . . . . . . . . . 1 1 Assimilate 1 | . 1 . . . . . . . . . . . . . . . . Botnet 3 | . 1 . . . . . . . . . . . . . . 1 1 Fabricators . | . . . . . . . . . . . . . . . . . . Repair Stations . | . . . . . . . . . . . . . . . . . . Recycling Units . | . . . . . . . . . . . . . . . . . . Scanalyzers . | . . . . . . . . . . . . . . . . . . Garrison Access . | . . . . . . . . . . . . . . . . . . Data Cores Recovered 3 | . . . . . . . . 1 1 1 . . . . . . . Used . | . . . . . . . . . . . . . . . . . . Hacking Detections 26 | . 3 . 4 . . . 2 1 1 . 1 . . 1 . 4 9 Full Trace Events 4 | . 2 . 1 . . . 1 . . . . . . . . . . Feedback Events . | . . . . . . . . . . . . . . . . . . Feedback Blocked . | . . . . . . . . . . . . . . . . . . Robot Schematics Acquired . | . . . . . . . . . . . . . . . . . . Robots Built . | . . . . . . . . . . . . . . . . . . Authchips . | . . . . . . . . . . . . . . . . . . Time . | . . . . . . . . . . . . . . . . . . Total Robot Build Rating . | . . . . . . . . . . . . . . . . . . Part Schematics Acquired 1 | . . . . . . . . . 1 . . . . . . . . Parts Built . | . . . . . . . . . . . . . . . . . . Authchips . | . . . . . . . . . . . . . . . . . . Time . | . . . . . . . . . . . . . . . . . . Total Part Build Rating . | . . . . . . . . . . . . . . . . . . Part Studies Acquired . | . . . . . . . . . . . . . . . . . . Parts Repaired . | . . . . . . . . . . . . . . . . . . Time . | . . . . . . . . . . . . . . . . . . Parts Recycled . | . . . . . . . . . . . . . . . . . . Recycled Matter . | . . . . . . . . . . . . . . . . . . Retrieved Matter . | . . . . . . . . . . . . . . . . . . Retrieved Components . | . . . . . . . . . . . . . . . . . . Parts Scanalyzed 1 | . . . . . . . . . 1 . . . . . . . . Part Schematics Acquired 1 | . . . . . . . . . 1 . . . . . . . . Parts Damaged . | . . . . . . . . . . . . . . . . . . Bothacking | -11 -10 -10 -9 -9 -9 -8 -8 -7 -6 -5 -4 -4 -4 -3 -3 -2 -1 ------------ Run | Yrd Mat Min Mat Min Exi Min Mat Fac Fac Fac Fac Upp Upp Res DSF Res Acc Used RIF Installer . | . . . . . . . . . . . . . . . . . . Robots Hacked . | . . . . . . . . . . . . . . . . . . Non-combat . | . . . . . . . . . . . . . . . . . . Combat . | . . . . . . . . . . . . . . . . . . Robot Hacks Applied . | . . . . . . . . . . . . . . . . . . Relay Couplers Released 5 | . . . . . . . 1 . . . 4 . . . . . . Machine Destruction 1 | . . . . . . . 1 . . . . . . . . . . Programmers 4 | . . . . . . . . . . . 4 . . . . . . Fabnet Peak Effective % . | . . . . . . . . . . . . . . . . . . Robots Rewired 3 | . . . . . . . . . . . . 3 . . . . . Allies Hacked . | . . . . . . . . . . . . . . . . . . Hacks Repelled . | . . . . . . . . . . . . . . . . . . Allies | -11 -10 -10 -9 -9 -9 -8 -8 -7 -6 -5 -4 -4 -4 -3 -3 -2 -1 -------- Run | Yrd Mat Min Mat Min Exi Min Mat Fac Fac Fac Fac Upp Upp Res DSF Res Acc Total Allies 5 | . 1 . . 1 . . . . . . . 3 . . . . . Largest Group 3 | . 1 1 1 2 1 1 1 . . . . 3 3 3 3 . . Highest-Rated Group 90 | . 10 10 10 41 10 10 10 . . . . 90 90 90 90 . . Highest-Rated Ally 31 | . 10 10 10 31 10 10 10 . . . . 30 30 30 30 . . Total Orders 2 | . . . . . . . . . . . . . . . . . 2 EXPLORE 2 | . . . . . . . . . . . . . . . . . 2 Ally Attacks 13 | . . . . 6 . . . . . . . . . . 7 . . Total Damage 215 | . . . . 62 . . . . . . . . . . 153 . . Kills 2 | . . . . 1 . . . . . . . . . . 1 . . Allies Corrupted . | . . . . . . . . . . . . . . . . . . Allies Melted . | . . . . . . . . . . . . . . . . . . Intel | -11 -10 -10 -9 -9 -9 -8 -8 -7 -6 -5 -4 -4 -4 -3 -3 -2 -1 ------- Run | Yrd Mat Min Mat Min Exi Min Mat Fac Fac Fac Fac Upp Upp Res DSF Res Acc Active Infowar (turns) 5036 | 15 167 . 266 . . . . 391 657 520 625 488 33 67 68 432 1307 Optics 266 | . . . 266 . . . . . . . . . . . . . . Sensors 523 | . . . . . . . . . . . . 487 33 3 . . . Terrain 2110 | . . . . . . . . 391 657 520 542 . . . . . . Seismic 182 | 15 167 . . . . . . . . . . . . . . . . Machine Analysis 1172 | . . . . . . . . . . . . . . . . . 1172 Cloaking 1944 | . . . . . . . . . . . 83 1 . 67 68 432 1293 Robot Analysis Total 3 | . 3 . . . . . . . . . . . . . . . . Derelict Logs Recovered 3 | . . . . 2 . . . . . . . 1 . . . . . Drone Launches 7 | . . . . . . . . . . . . . . . . . 7 Drone Recoveries 4 | . . . . . . . . . . . . . . . . . 4 Exploration | -11 -10 -10 -9 -9 -9 -8 -8 -7 -6 -5 -4 -4 -4 -3 -3 -2 -1 ------------- Run | Yrd Mat Min Mat Min Exi Min Mat Fac Fac Fac Fac Upp Upp Res DSF Res Acc Turns Passed 9430 | 111 393 69 703 1488 428 452 487 399 657 520 1174 569 33 67 79 470 1331 Spaces Moved 7129 | 49 267 50 312 706 225 238 310 265 393 337 715 383 26 50 95 815 1893 Core 5 | 5 . . . . . . . . . . . . . . . . . Treads . | . . . . . . . . . . . . . . . . . . Legs 4335 | 44 267 50 312 706 225 238 310 265 393 337 715 383 26 50 14 . . Wheels . | . . . . . . . . . . . . . . . . . . Hover 1561 | . . . . . . . . . . . . . . . 81 815 665 Flight 1228 | . . . . . . . . . . . . . . . . . 1228 Fastest Speed 28 | 50 120 120 120 190 190 190 120 120 120 120 120 120 120 120 35 28 28 Average Speed 101 | 112 120 120 189 190 190 190 120 120 120 120 120 120 120 120 51 28 37 Slowest Speed 190 | 120 190 120 190 190 190 190 190 120 190 120 120 120 120 120 120 28 106 Overloaded Moves . | . . . . . . . . . . . . . . . . . . Propulsion Burnouts . | . . . . . . . . . . . . . . . . . . Robots Hopped 16 | . . . . . . . . . . . . . . . . . 16 Potential Cave-ins . | . . . . . . . . . . . . . . . . . . Cave-ins Triggered . | . . . . . . . . . . . . . . . . . . Exploration Rate (%) 34 | 3 36 12 28 94 62 66 21 14 13 11 23 61 10 3 86 21 48 Regions Visited 17 Branch Regions 6 Pre-discovered Areas 5 | . . 1 . . 1 . . . . . . 3 . . . . . Known Exits Taken 7 | . 1 . . . . 1 . . . . 1 1 1 1 . 1 . Unknown Exits Taken 9 | 1 . 1 1 1 1 . 1 1 1 1 . . . . . . . Scrap Searched 3 | . . . . 2 . 1 . . . . . . . . . . . Spaces Dug 41 | . . . . . . . . . . . 3 . . . . 11 27 Terrain Destroyed 215 | . . . . 12 . . 8 10 2 5 76 1 . . . 11 90 Melee 29 | . . . . . . . . . . . . . . . . 10 19 Projectile 36 | . . . . 2 . . 8 . 2 . 12 1 . . . 1 10 AOE 150 | . . . . 10 . . . 10 . 5 64 . . . . . 61 Terrain Rammed . | . . . . . . . . . . . . . . . . . . Walls Destroyed . | . . . . . . . . . . . . . . . . . . Machines Disabled . | . . . . . . . . . . . . . . . . . . Actions | -11 -10 -10 -9 -9 -9 -8 -8 -7 -6 -5 -4 -4 -4 -3 -3 -2 -1 --------- Run | Yrd Mat Min Mat Min Exi Min Mat Fac Fac Fac Fac Upp Upp Res DSF Res Acc Total 8845 | 74 299 59 368 775 226 239 373 331 556 444 950 471 28 56 129 1024 2443 Wait 1106 | 1 1 8 5 9 . . 4 42 133 99 124 29 3 2 8 146 492 Move 7082 | 48 266 49 311 705 224 237 309 264 392 336 714 382 25 49 94 814 1863 Hop 13 | . . . . . . . . . . . . . . . . . 13 Pick Up 75 | 3 6 1 9 8 1 . 3 5 5 1 14 2 . 1 8 4 4 Fast Attach 44 | 7 . . 3 1 . . 5 . 2 . 11 1 . . 2 6 6 Attach 47 | . . . 2 5 1 . 1 3 1 3 11 2 . 3 5 2 8 Detach 2 | . . . 1 . . . . . . . . 1 . . . . . Swap 52 | . 4 . 2 1 . 1 8 4 5 1 12 5 . 1 . 5 3 Drop 77 | . 1 1 5 5 . 1 7 4 5 . 13 1 . . 12 10 12 Fire 229 | 15 21 . 30 39 . . 24 8 11 4 50 10 . . . 1 16 Melee 45 | . . . . . . . . . . . . . . . . 19 26 Ram . | . . . . . . . . . . . . . . . . . . Kick 17 | . . . . 2 . . 12 . 2 . 1 . . . . . . Crush . | . . . . . . . . . . . . . . . . . . Escape Stasis 17 | . . . . . . . . . . . . . . . . 17 . Rewire 39 | . . . . . . . . 1 . . . 38 . . . . . Trap . | . . . . . . . . . . . . . . . . . . Miscellaneous . | . . . . . . . . . . . . . . . . . . Route ------- -11/Scrapyard -10/Materials (discovered 2 exits: *Min x2) -10/Mines -9/Materials -9/Mines (discovered 3 exits: *Mat x2 / *Exi) -9/Exiles -8/Mines -8/Materials (discovered 2 exits: *Fac / Sto) -7/Factory -6/Factory -5/Factory (discovered 2 exits: *Fac / [*Upp]) -4/Factory -4/Upper Caves -4/Upper Caves -3/Research (discovered 2 exits: Arm / DSF) -3/DSF -2/Research -1/Access To Epsilon Eridani History --------- Turn | Location | Event 3 | -11/Scrapyard | Discovered new exit (range 15) 112 | -11/Scrapyard | Entered Materials 167 | -10/Materials | Identified exit to Mines 300 | -10/Materials | Build established: Mutant 505 | -10/Materials | Entered Mines 505 | -10/Mines | Accompanied by 1 ally 512 | -10/Mines | Received a Rocket Launcher from a helpful Derelict 558 | -10/Mines | Discovered new exit (range 9) 563 | -10/Mines | Learned location of Storage (-8) 574 | -10/Mines | Entered Materials 574 | -9/Materials | Accompanied by 1 ally 574 | -9/Materials | Evolved 2 slots: Propulsion x1, Utility x1 1155 | -9/Materials | Discovered new exit (range 13) 1277 | -9/Materials | Entered Mines 1277 | -9/Mines | Accompanied by 1 ally 1413 | -9/Mines | Discovered new exit (range 10) 1486 | -9/Mines | YI-UF0 nonchalantly dropped a Grenade Launcher on the ground 1498 | -9/Mines | Assembled infested the area 1503 | -9/Mines | Identified exit to Materials 1611 | -9/Mines | Build established: Scavenger-Mutant 1658 | -9/Mines | Found a hidden stash of uninstalled traps 1848 | -9/Mines | Escorted by a lone wolf Derelict 2127 | -9/Mines | Destroyed YI-UF0 2249 | -9/Mines | A weapon hastily lodged in a ceiling crevice suddenly fell to the ground 2411 | -9/Mines | Build established: Mutant 2492 | -9/Mines | Deemed a non-threat by the Exiles lab entrance 2494 | -9/Mines | Discovered new exit (range 5) 2765 | -9/Mines | Entered Exiles 2765 | -9/Exiles | Accompanied by 1 ally 2812 | -9/Exiles | Met 8R-AWN 2844 | -9/Exiles | Met EX-HEX 2899 | -9/Exiles | Met EX-BIN 2922 | -9/Exiles | Aligned with FarCom system 2924 | -9/Exiles | Given EX-Vault access code 2968 | -9/Exiles | Opened EX-Vault 2981 | -9/Exiles | Found Cloak of Protection 3014 | -9/Exiles | Build established: Scavenger-Mutant 3020 | -9/Exiles | Warned to stay clear of 0b10 Research branches 3068 | -9/Exiles | Met EX-DEC 3092 | -9/Exiles | Learned location of Zion (-6) 3168 | -9/Exiles | Discovered new exit (range 14) 3193 | -9/Exiles | Left Exiles lab with Cloak of Protection 3193 | -9/Exiles | Entered Mines 3193 | -8/Mines | Accompanied by 1 ally 3616 | -8/Mines | Discovered exit to Materials (range 15) 3645 | -8/Mines | Entered Materials 3645 | -8/Materials | Accompanied by 1 ally 3645 | -8/Materials | Evolved 2 slots: Propulsion x1, Utility x1 3646 | -8/Materials | Identified exit to Storage 3740 | -8/Materials | Met 7R-MNS 3834 | -8/Materials | Lost 3 parts (1n2u) 4020 | -8/Materials | Discovered new exit (range 5) 4132 | -8/Materials | Entered Factory 4132 | -7/Factory | Evolved 2 slots: Utility x2 4133 | -7/Factory | Caught up to 7R-MNS 4368 | -7/Factory | Assembled infested ambush trap array 4444 | -7/Factory | Build established: Scavenger-Skirmisher 4518 | -7/Factory | Discovered new exit (range 16) 4531 | -7/Factory | Entered another Factory area 4531 | -6/Factory | Evolved 2 slots: Utility x2 4532 | -6/Factory | Caught up to 7R-MNS 5107 | -6/Factory | Discovered new exit (range 12) 5188 | -6/Factory | Entered another Factory area 5188 | -5/Factory | Evolved 2 slots: Power x1, Propulsion x1 5189 | -5/Factory | Caught up to 7R-MNS 5316 | -5/Factory | Discovered new exit (range 8) 5699 | -5/Factory | Discovered new exit (range 5) 5708 | -5/Factory | Entered another Factory area 5708 | -4/Factory | Evolved 2 slots: Propulsion x1, Utility x1 5709 | -4/Factory | Caught up to 7R-MNS 6206 | -4/Factory | Lost 4 parts (1p1n2u) 6235 | -4/Factory | 7R-MNS lamented failing the tripod run 6552 | -4/Factory | Build established: Scavenger-Mutant 6602 | -4/Factory | Lost 10 parts (3n5u2w) 6866 | -4/Factory | Discovered new exit (range 3) 6870 | -4/Factory | Identified exit to Upper Caves 6882 | -4/Factory | Entered Upper Caves 6884 | -4/Upper Caves | Attracted the attention of an 0b10 checkpoint 7028 | -4/Upper Caves | Attacked by a delusional Derelict stockpiling Unaware 7222 | -4/Upper Caves | Learned location of Testing (-2) 7346 | -4/Upper Caves | Discovered new exit (range 7) 7380 | -4/Upper Caves | Entered an active Warlord outpost 7405 | -4/Upper Caves | Learned location of Extension (-4) 7405 | -4/Upper Caves | Learned location of 1 exit from Research 7438 | -4/Upper Caves | Identified exit to Upper Caves 7451 | -4/Upper Caves | Entered another Upper Caves area 7451 | -4/Upper Caves | Accompanied by 3 allies 7466 | -4/Upper Caves | Discovered new exit (range 12) 7480 | -4/Upper Caves | Identified exit to Research 7484 | -4/Upper Caves | Entered Research 7484 | -3/Research | Accompanied by 3 allies 7484 | -3/Research | Evolved 2 slots: Propulsion x1, Utility x1 7485 | -3/Research | Identified exit to Armory 7550 | -3/Research | Identified exit to DSF 7551 | -3/Research | Entered DSF 7551 | -3/DSF | Accompanied by 3 allies 7602 | -3/DSF | Additional patrols routed to DSF 7606 | -3/DSF | Discovered new exit (range 15) 7630 | -3/DSF | Identified exit to Research 7630 | -3/DSF | Entered Research 7630 | -2/Research | Evolved 2 slots: Power x1, Propulsion x1 7656 | -2/Research | Lost 3 allies 7912 | -2/Research | Spotted B-90 Cyclops 8080 | -2/Research | Discovered new exit (range 12) 8100 | -2/Research | Identified exit to Access 8100 | -2/Research | Entered Access 8100 | -1/Access | Evolved 2 slots: Propulsion x2 8282 | -1/Access | Found Prototype Processor 8283 | -1/Access | Identified Exp. Core Analyzer 8533 | -1/Access | Build established: Sprinter 8595 | -1/Access | Lost 4 parts (2n2u) 9344 | -1/Access | Energy Cycler disabled 9406 | -1/Access | Spotted B-99 Colossus 9407 | -1/Access | Spotted B-99 Colossus 9429 | -1/Access | Discovered new exit (range 7) 9431 | *** | Escaped! Last Messages --------------- 09400_ Slug penetrates Wall. 09400_ Lgt. Quantum Reactor destroyed. 09403_ Mini Drone destroyed. 09406_ Imp. System Restoration Module purges 1% system corruption (0%). 09406_ Slug penetrates Wall. 09408_ Mini Drone released from Mni. Drone Bay. 09408_ Knocked back. 09408_ Slug penetrates Wall. 09408_ Penetrated by Slug. 09408_ Adv. Heat Sink destroyed. 09408_ Slug penetrates Wall. 09408_ Mni. Drone Bay destroyed. 09408_ >> Lost connection to Mini Drone. 09409_ Penetrated by Slug. 09410_ Imp. System Restoration Module destroyed. 09411_ Slug penetrates Mini Drone. 09411_ Slug penetrates Wall. 09412_ Penetrated by Slug. 09429_ The Access Shell folds into the floor. 09429_ EXIT=FOUND Map ----- +----------------------------------------------------+ | ?????????????????????????????????????????????????? | | ?????????????????????????????????????????????????? | | ?????????????????????????????????????????????????? | | ?????????????????????????????????????????????????? | | ?????????????????????????????????????????????????? | | ???????????????????????????????????????????#?????? | | ???????????????????????????????????????????# ????? | | ???????????????????????????????????????????# ????? | | ???????????????????????????????????????????# ##+## | | ?????????????????????????????H????????????## | | ??????????????????????????????????????????+ | | ?""""""????????????????????????????????????# | | ?""S"""?????????????????????????????????????? | | ????"""???# ??????????????????????????????????# #? | | ??????????# ????????????????????????????######+## | | ??????????# ????????????????????????????# | | ??????????# ????????????????????????????# | | ??????????# ????????????????????????????# ! | | ??????????# #?????###???????????????????# | | ??????????# ####### ##########???######?# | | ??????????# """T""" "??? ?# | | ??????????# """ """ "??" BB # | | ??????????# "??" BB #####"### | | ??????????# "??" | | ??????????# "" "??" | | ??????????# @" "??" ^ | | ??????????# "??" | | ??????????# "??" ## | | ??????????# "??" ??# | | ??????????# "??" ???# | | ??????????# ####### ##########??####?????# | | ??????????# #?????###????????????????????#] | | ??????????# #??????????????????????#####?# | | ??????????# #??????????????????????#* ?# | | ??????????# #??????????????????????# # | | ??????????# #??????????????????????# # | | ! *####### ###############????????# + | | ########## # ## | | " # !# # #? | | #######+############# # # ?# ##? | | ????????????????????????# # " #####?# #?? | | ????????????????????????# # """ #???### ##? | | ????????????????????????# / G #???# +? | | ????????????????????????# # """ #???# ##? | | ????????????????????????+ #! " ##### ##? | | ????????????????????????# # + +? | | ????????????????????????# # #####+#######? | | ????????????????????????# ##########????????????? | | ????????????????????????# #?????????????????????? | | ????????????????????????# +?????????????????????? | +----------------------------------------------------+ Best States ------------- Heat Dissipation 127 Energy Generation 70 Energy Capacity 630 Matter Stores 300 Matter Capacity 300 Sight Range 18 Robot Scan Range 15 Terrain Scan Range 20 Terrain Scan Density 210 Cloak Strength 6 Power Amplification 30 Armor Coverage 675 Resistance: KI 20 Phase Shifting 10 Evasion (%) 73 Targeting Accuracy 6 Target Analysis 11 Armor Integrity Analysis 40 Defensive Hacking 10 Item Schematics ----------------- Cmb. Airjet | -6/Factory | Scanalyzed Robot Schematics ------------------ None Fabricated ------------ Nothing Repaired ---------- Nothing Studied --------- None Alien Tech Used ----------------- None Achievements -------------- Botjacking Explosive Keycard Ghost 'Em We Love MA Challenges ------------ None Game ------ Seed DeliveryLayeredWand Manual? 0 Play Time 02:05:07 Cumulative 280.5 hours Start 2026.02.21 @ 14:44:24 End 2026.02.22 @ 17:28:47 Sessions 3 Manual Loads 0 Difficulty Rogue Special Mode None Game No. 134 Rogue 94 Adventurer 29 Explorer 11 Win Type 0 Total 13 Types 8/0/1/2/0/0/1/0/1/0 Lore% 52 Gallery% 63 Achievement% 47 Wizard Run 0 Options --------- Layout 0 ASCII 0 Keyboard 0 Movement Numpad Keybinds 0 Fullscreen 2 Font 24/Smallcaps Map View 113x50 Zoom Use 0% Tactical HUD 1 Map Filters NONE Filters LOW_CONTRAST(13,24,33) Steam 1 RUN: d407280a-4f65-483a-b193-e844c5185dae